 Dungeon Crawl Stone Soup version 0.31-a0-164-g2312942fda (webtiles) character file.

Game seed: 7967189053394082821

82153 qw the Peltast (level 15, -1/94 HPs)
             Began as a Gargoyle Fighter on June 13, 2023.
             Was an Elder of Okawaru.
             Slain by a reaper
             ... wielding a +3 scythe of venom
              (30 damage)
             ... in a Gauntlet.
             The game lasted 00:13:13 (21724 turns).

qw the Peltast (Gargoyle Fighter)                  Turns: 21724, Time: 00:13:13

Health: -1/94      AC: 39    Str: 27    XL:     15   Next: 72%
Magic:  21/22      EV: 29    Int:  9    God:    Okawaru [****..]
Gold:   562        SH: 20    Dex:  9    Spells: 14/14 levels left

rFire   + . .        H - +0 broad axe
rCold   + . .        C - +0 tower shield
rNeg    + . .        o - +0 plate armour
rPois   inf          p - +2 helmet
rElec   +            n - scarf {rC+ rF+}
rCorr   .            r - +2 pair of gloves
SInv    +            u - +2 pair of boots
Will    +....        s - amulet of the acrobat Stlth
                     e - ring of see invisible
HPRegen 0.35/turn    k - +5 ring of evasion
MPRegen 0.18/turn

%: no teleportation, acrobat
@: heroic, acrobatic, flying
A: sickness immunity, AC +11, big wings, negative energy resistance 1,
electricity resistance, torment resistance 1, petrification resistance
a: Renounce Religion, Heroism, Finesse


You were in a Gauntlet.
You worshipped Okawaru.
Okawaru was greatly pleased with you.
You visited 4 branches of the dungeon, and saw 23 of its levels.
You also visited: Gauntlet.

You collected 1832 gold pieces.
You spent 1270 gold pieces at shops.


Innate Abilities, Weirdness & Mutations

You are immune to sickness and miasma.
Your stone body is resilient. (AC +11)
You are immune to poison.
Your large and strong wings let you fly.
You resist negative energy. (rN+)
You are resistant to electric shocks. (rElec)
You are resistant to unholy torment.
You are immune to petrification.


   Skills:
 - Level 11.0(16.0) Fighting
 - Level 15.0(20.0) Axes
 - Level 6.0(11.0) Throwing
 + Level 10.5(15.5) Armour
 - Level 2.1(7.1) Dodging
 - Level 16.0(21.0) Shields
 - Level 10.0 Invocations


You had 14 spell levels left.
You didn't know any spells.
Your spell library was empty.

Inventory:

Hand Weapons
 h - the +1 broad axe "Sizxyug" {pain, +Blink rC- Int+3}
   (You acquired it on level 11 of the Dungeon)

   Int:       It affects your intelligence (+3).
   rC:        It makes you vulnerable to cold.
   +Blink:    It lets you blink.
 D - a +0 morningstar
 H - a +0 broad axe (weapon)
Missiles
 y - 4 javelins
 z - 5 silver boomerangs
 B - a silver javelin (quivered)
 F - 2 boomerangs
Armour
 n - a scarf of resistance (worn)
 o - a +0 plate armour (worn)
 p - a +2 helmet (worn)
 r - a +2 pair of gloves (worn)
 u - a +2 pair of boots (worn)
 w - a +1 chain mail of cold resistance
 C - a +0 tower shield (worn)
 G - +0 acid dragon scales
 I - a +2 scale mail of fire resistance
Jewellery
 c - a +4 ring of protection
 e - a ring of see invisible (left hand)
 g - a ring of resist corrosion
 j - an amulet of guardian spirit
 k - a +5 ring of evasion (right hand)
 s - an amulet of the acrobat (around neck)
 v - a ring of protection from fire
 x - the ring "Seghiel" {rPois rF+ Str+2 Dex+2}
   (You found it in a Gauntlet)

   [ring of poison resistance]

   Str:       It affects your strength (+2).
   Dex:       It affects your dexterity (+2).
   rF:        It protects you from fire.
   rPois:     It protects you from poison.
Wands
 b - a wand of digging (7)
Scrolls
 f - 2 scrolls of teleportation
 l - 7 scrolls of identify
Potions
 a - 3 potions of cancellation
 d - a potion of might
 m - 6 potions of heal wounds
 q - 2 potions of attraction
 t - 2 potions of haste
 A - 2 potions of mutation
 E - a potion of lignification
 J - a potion of magic

Dungeon Overview and Level Annotations

Branches:
Dungeon (15/15)            Temple (1/1) D:4            Lair (5/5) D:9
 Shoals (0/4) Lair:2        Snake (0/4) Lair:3        Slime (0/5) Lair:5
    Orc (2/2) D:10         Vaults (0/5) D:14         Depths (0/4) D:15
Gauntlet (1/1)
    Elf: Orc:2

Altars:
Ashenzari
Cheibriados
Dithmenos
Elyvilon
Fedhas
Gozag
Hepliaklqana
Kikubaaqudgha
Makhleb
Nemelex Xobeh
Okawaru
Qazlal
Ru
Sif Muna
Trog
Uskayaw
Vehumet
Wu Jian
Xom
Yredelemnul
Zin
The Shining One
Jiyva

Shops:
D:2 =   D:4 =   D:9 =   D:10 =   D:15 *   Orc:2 *

Annotations:
D:3 1 runed translucent door, Crazy Yiuf
D:4 2 transporters
D:5 3 runed translucent doors, qw's ghost, novice GrFi; qw's ghost, novice MiHu
D:6 1 runed translucent door, qw's ghost, novice MiHu
D:8 3 runed translucent doors, qw's ghost, novice MiHu
D:13 2 transporters, qw's ghost, journeyman MiHu
D:15 3 runed translucent doors, brae's ghost, adept HuBe
Lair:3 exclusion: 2 lindwurms
Lair:4 3 runed translucent doors, qw's ghost, journeyman GrFi
Lair:5 1 runed translucent door Gauntlet 7 transporters


Message History

You slash the hellwing!
The hellwing is moderately wounded.
You block the hellwing's attack. x2
The reaper hits you from afar with a +3 scythe of venom!!
21716 ||| INVOKING Heroism.
You gain the combat prowess of a mighty hero.
You block the hellwing's attack. x2
The reaper hits you from afar with a +3 scythe of venom!
You slice the hellwing!!
The hellwing is severely wounded.
The reaper whispers, "Time's up, qw!"
The reaper hits you from afar with a +3 scythe of venom.
You block the hellwing's attack.
The hellwing hits you but does no damage.
21718 ||| DRINKING 7 potions of heal wounds.
You feel much better. You block the hellwing's attack.
The hellwing hits you but does no damage.
The reaper shouts, "Death awaits you!"
The reaper hits you from afar with a +3 scythe of venom!
You barely miss the hellwing.
The hellwing is severely wounded.
You slash the hellwing!
The hellwing is almost dead.
The reaper hits you but does no damage.
The hellwing hits you but does no damage.
You block the hellwing's attack.
You hit the hellwing but do no damage.
The hellwing is almost dead.
You block the reaper's attack. You block the hellwing's attack. x2
You closely miss the hellwing.
The hellwing is almost dead.
The hellwing hits you but does no damage.
You block the hellwing's attack. The reaper hits you but does no damage.
You slash the hellwing!
You kill the hellwing!
Okawaru accepts your kill.
The reaper shouts, "You must die NOW!"
The reaper hits you with a +3 scythe of venom!!
You die...

.¤...........¤¤¤.........##
.........................¤#
#..#########..#########..##
#..##.#.#.##..#...#.#^#..~#
#..#.#.#.#.#..#.#.#[.##¤.##
#####.#^#.#####.#.#![.#.¤~# ##
#^^#.#.#.#^#^^#5#.^####..## ...
#####.#.#.#####5#.....#..~# ..#
#..#.#.#.#=#..#2@####.#..###..##
#..##.#.#.##..#.......#..#......
#..#########..#########..#^...##
.......................\.#....##
.........................#......
##########..###########..#^...##
.......JJ#..#..^.~...|#..#....#
.........#..#~~~.~~.~~#..###....
J.......[#..#..~~..~..#..~# ..##


You could see a reaper and 2 shadow imps.

Vanquished Creatures
  Gastronok (D:9)
  A fire dragon (Lair:5)
  Harold (D:11)
  A rakshasa (D:14)
  A vault guard (D:14)
  5 hydras
  4 centaur warriors
  An ogre mage (D:12)
  2 death knights (D:15)
  9 two-headed ogres
  4 catoblepae
  2 boulder beetles
  3 death yaks (Lair:5)
  Urug (Lair:4)
  An orc high priest (Orc:1)
  A soul eater (Gauntlet)
  A skyshark (Lair:2)
  A skeletal warrior (D:15)
  A glowing orange brain (D:15)
  A swamp dragon (Lair:5)
  2 deep elf pyromancers (D:14)
  2 lindwurms
  An orc knight (D:14)
  A manticore (D:13)
  19 ugly things
  3 orc sorcerers (Orc:1)
  7 cyclopes
  5 black mambas
  5 torpor snails (Lair:5)
  6 cane toads
  2 rime drakes
  A kobold demonologist (D:13)
  2 unseen horrors (D:13)
  6 komodo dragons
  Psyche (D:8)
  3 freezing wraiths
  2 efreet (D:14)
  3 meliai (D:15)
  5 trolls
  6 hornets (Lair:5)
  A tarantella (shapeshifter) (D:14)
  A hellwing (Gauntlet)
  20 blink frogs
  4 polar bears
  4 tyrant leeches (Lair:5)
  5 dream sheep (Lair:5)
  Sigmund (D:4)
  2 wraiths
  A shadow (D:11)
  26 slime creatures
  A vampire (D:11)
  34 yaks
  5 basilisks
  2 wyverns
  A steam dragon (Lair:5)
  5 vampire mosquitoes
  2 nagas (Lair:3)
  A swamp worm (shapeshifter) (D:15)
  2 wargs
  Edmund (D:5)
  5 acid dragons
  12 water moccasins
  16 orc warriors
  3 swamp drakes (Lair:5)
  3 ice beasts (D:8)
  2 black bears
  25 wolves
  5 ogres
  13 centaurs
  4 kobold brigands
  13 bullfrogs
  Blork the orc (D:6)
  A gnoll sergeant (D:11)
  2 scorpions
  18 wights
  5 spriggan skeletons (D:13)
  11 killer bees
  4 howler monkeys
  2 electric eels
  A troll skeleton (D:13)
  6 jellies
  9 orc priests
  3 gnoll boudas
  2 sleepcaps
  An iron imp (D:14)
  Natasha (thrice) (D:2)
  10 iguanas
  Terence (D:3)
  5 hell rats (Lair:3)
  22 orc wizards
  Robin (D:3)
  16 gnolls
  A river rat (D:6)
  4 adders
  3 shadow imps (Gauntlet)
  5 white imps
  4 ufetubi (D:8)
  A worm (D:2)
  A dart slug (D:2)
  68 orcs
  14 ball pythons
  A bat (D:1)
  9 endoplasms
  7 giant cockroaches
  15 goblins
  7 hobgoblins
  16 kobolds
  4 quokkas
  8 frilled lizards
  6 rats
642 creatures vanquished.

Notes
Turn   | Place    | Note
-------+----------+-------------------------------------------
     0 | D:1      | qw the Gargoyle Fighter began the quest for the Orb.
     0 | D:1      | Reached XP level 1. HP: 14/14 MP: 1/1
     0 | D:1      | 0 ||| qw: Version: 0.2-a-29-gc1b59c4
     0 | D:1      | 0 ||| qw: Game counter: 4519
     0 | D:1      | 0 ||| qw: Always use a shield: true
     0 | D:1      | 0 ||| qw: God list: Okawaru
     0 | D:1      | 0 ||| qw: Allow faded altars: false
     0 | D:1      | 0 ||| qw: Do Orc after D:15 true
     0 | D:1      | 0 ||| qw: Do second Lair branch before Depths: true
     0 | D:1      | 0 ||| qw: Lair rune preference: random
     0 | D:1      | 0 ||| qw: Plans: Normal, Zot:1-4, Slime:5, God:TSO, Crypt,
                  | Tomb, Abyss, Pan, Hells, Win
     0 | D:1      | 0 ||| PLANNING D:1-11
   220 | D:1      | Reached XP level 2. HP: 19/19 MP: 2/2
   353 | D:1      | 353 ||| Stepping ~*~*~tactically~*~*~ (stealth).
   372 | D:1      | 372 ||| Stepping ~*~*~tactically~*~*~ (stealth).
   898 | D:1      | 898 ||| UPGRADING to +0 pair of gloves.
   903 | D:1      | 903 ||| READING scroll labelled SUCIFU POSSIGG.
   952 | D:2      | Noticed Natasha
   962 | D:2      | Killed Natasha
   963 | D:2      | Reached skill level 3 in Axes
   963 | D:2      | Reached XP level 3. HP: 19/23 MP: 3/3
   972 | D:2      | 972 ||| Stepping ~*~*~tactically~*~*~ (stealth).
   997 | D:2      | Reached XP level 4. HP: 28/28 MP: 4/4
  1006 | D:2      | Found Ongeov's Jewellery Shop.
  1041 | D:2      | 1041 ||| SHOPLISTING amulet of the acrobat (360 gold, have
                  | 90).
  1041 | D:2      | 1041 ||| SHOPLISTING ring of Liafiaz {rPois SInv} (374
                  | gold, have 90).
  1041 | D:2      | 1041 ||| SHOPLISTING ring of ice (300 gold, have 90).
  1190 | D:2      | Noticed Natasha
  1191 | D:2      | 1191 ||| Stepping ~*~*~tactically~*~*~ (stealth).
  1202 | D:2      | Killed Natasha
  1252 | D:2      | Found a sacrificial altar of Ru.
  1479 | D:2      | Reached XP level 5. HP: 32/32 MP: 5/5
  1480 | D:2      | Noticed Natasha
  1486 | D:2      | Killed Natasha
  1613 | D:2      | 1613 ||| UPGRADING to scarf of resistance.
  1618 | D:2      | 1618 ||| UPGRADING to amulet of guardian spirit.
  1623 | D:2      | 1623 ||| UPGRADING to +6 ring of dexterity.
  1624 | D:2      | 1624 ||| UPGRADING to +5 ring of evasion.
  1625 | D:2      | 1625 ||| READING scroll labelled BIG APTIODA.
  1626 | D:2      | 1626 ||| READING scroll labelled JYCARI PIJABBE.
  1627 | D:2      | 1627 ||| DRINKING 2 ruby potions.
  1628 | D:2      | 1628 ||| DROPPING potion of enlightenment.
  1863 | D:3      | Noticed Terence
  1864 | D:3      | 1864 ||| Stepping ~*~*~tactically~*~*~ (stealth).
  1875 | D:3      | Killed Terence
  1876 | D:3      | Reached skill level 1 in Dodging
  1883 | D:3      | 1883 ||| DROPPING +0 club.
  1999 | D:3      | Found a runed translucent door.
  2000 | D:3      | Noticed Crazy Yiuf
  2059 | D:3      | 2059 ||| Stepping ~*~*~tactically~*~*~ (stealth).
  2075 | D:3      | Noticed Robin
  2088 | D:3      | Killed Robin
  2444 | D:3      | 2444 ||| UPGRADING to +0 chain mail.
  2454 | D:3      | 2454 ||| DROPPING +0 scale mail.
  2455 | D:3      | 2455 ||| UPGRADING to +0 helmet.
  2460 | D:3      | 2460 ||| READING scroll labelled ROKUGRONELL.
  2478 | D:3      | 2478 ||| READING scroll labelled UMAFEY EGES.
  2479 | D:3      | 2479 ||| READING scroll labelled NOYZUN TORUN.
  2561 | D:3      | 2561 ||| READING 4 scrolls of identify.
  2561 | D:3      | 2561 ||| IDENTIFYING purple potion
  2562 | D:3      | 2562 ||| READING 3 scrolls of identify.
  2562 | D:3      | 2562 ||| IDENTIFYING dark potion
  2593 | D:4      | Found a transporter.
  2612 | D:4      | Found Xumeff's Jewellery Shop.
  2627 | D:4      | 2627 ||| SHOPLISTING +4 ring of slaying (858 gold, have
                  | 247).
  2627 | D:4      | 2627 ||| SHOPLISTING +6 ring of strength (396 gold, have
                  | 247).
  2627 | D:4      | 2627 ||| SHOPLISTING ring "Qioppoil" {Fly rElec rC+ rN+
                  | Str+5} (585 gold, have 247).
  2627 | D:4      | 2627 ||| SHOPLISTING ring of fire (275 gold, have 247).
  2627 | D:4      | 2627 ||| SHOPLISTING ring of protection from cold (275
                  | gold, have 247).
  2627 | D:4      | 2627 ||| BUYING ring of see invisible (165 gold).
  2627 | D:4      | Bought a ring of see invisible for 165 gold pieces
  2644 | D:4      | 2644 ||| Stepping ~*~*~tactically~*~*~ (stealth).
  2646 | D:4      | 2646 ||| Stepping ~*~*~tactically~*~*~ (hiding).
  2661 | D:4      | Reached XP level 6. HP: 35/38 MP: 4/6
  2933 | D:4      | Reached skill level 6 in Axes
  2935 | D:4      | Reached XP level 7. HP: 42/43 MP: 5/7
  2964 | D:4      | Noticed Sigmund
  2965 | D:4      | 2965 ||| Stepping ~*~*~tactically~*~*~ (hiding).
  2968 | D:4      | 2968 ||| Stepping ~*~*~tactically~*~*~ (hiding).
  2979 | D:4      | Killed Sigmund
  3061 | D:4      | Found a transporter.
  3103 | D:4      | Found a staircase to the Ecumenical Temple.
  3104 | D:4      | 3104 ||| PLANNING TEMPLE
  3104 | D:4      | 3104 ||| UPGRADING to ring of see invisible.
  3106 | D:4      | 3106 ||| READING scroll labelled EXZITATEDUR.
  3107 | D:4      | 3107 ||| READING scroll labelled FAGUCA QURROT.
  3114 | Temple   | Entered the Ecumenical Temple
  3300 | Temple   | 3300 ||| PLANNING D:1-11
  3495 | D:4      | 3495 ||| READING 2 scrolls of identify.
  3495 | D:4      | 3495 ||| IDENTIFYING fuming pink potion
  3515 | D:5      | Entered Level 5 of the Dungeon
  3567 | D:5      | Found a runed translucent gate.
  3568 | D:5      | Found a runed translucent gate.
  3569 | D:5      | Found a runed translucent gate.
  3580 | D:5      | Noticed qw's ghost (novice MiHu)
  3580 | D:5      | Noticed qw's ghost (novice GrFi)
  3621 | D:5      | Reached XP level 8. HP: 45/49 MP: 6/8
  3672 | D:5      | 3672 ||| Stepping ~*~*~tactically~*~*~ (hiding).
  3673 | D:5      | 3673 ||| Stepping ~*~*~tactically~*~*~ (hiding).
  3699 | D:5      | 3699 ||| Stepping ~*~*~tactically~*~*~ (stealth).
  3990 | D:5      | Noticed Edmund
  3991 | D:5      | 3991 ||| Stepping ~*~*~tactically~*~*~ (stealth).
  3992 | D:5      | 3992 ||| Stepping ~*~*~tactically~*~*~ (stealth).
  3993 | D:5      | 3993 ||| Stepping ~*~*~tactically~*~*~ (stealth).
  4008 | D:5      | Killed Edmund
  4016 | D:5      | 4016 ||| DROPPING +0 flail.
  4088 | D:5      | 4088 ||| READING 2 scrolls of identify.
  4088 | D:5      | 4088 ||| IDENTIFYING viscous red potion
  4096 | D:6      | 4096 ||| PLANNING SEWER
  4097 | D:6      | Found an ornate altar of the Wu Jian Council.
  4201 | D:6      | Found a shadowy altar of Dithmenos.
  4311 | D:6      | 4311 ||| READING scroll of enchant weapon.
  4311 | D:6      | 4311 ||| ENCHANTING +1 war axe.
  4462 | D:6      | 4462 ||| Stepping ~*~*~tactically~*~*~ (stealth).
  4465 | D:6      | 4465 ||| DRINKING 2 potions of curing.
  4465 | D:6      | 4465 ||| (to cure confusion)
  4482 | D:6      | Found an iron altar of Okawaru.
  4707 | D:6      | Found a runed translucent door.
  4707 | D:6      | Noticed qw's ghost (novice MiHu)
  4717 | D:6      | Noticed Blork the orc
  4728 | D:6      | Killed Blork the orc
  4729 | D:6      | Reached skill level 6 in Fighting
  4781 | D:6      | 4781 ||| RIP SEWER
  4788 | D:6      | 4788 ||| PLANNING OKAWARU WORSHIP
  4788 | D:6      | 4788 ||| READING 3 scrolls of identify.
  4788 | D:6      | 4788 ||| IDENTIFYING fizzy red potion
  4789 | D:6      | 4789 ||| READING 2 scrolls of identify.
  4789 | D:6      | 4789 ||| IDENTIFYING bubbling purple potion
  4790 | D:6      | 4790 ||| DROPPING potion of berserk rage.
  4791 | D:6      | 4791 ||| DROPPING potion of invisibility.
  4840 | D:6      | Became a worshipper of Warmaster Okawaru
  4840 | D:6      | 4840 ||| PLANNING D:1-11
  4841 | D:6      | 4841 ||| REMOVING amulet of guardian spirit.
  4908 | D:6      | 4908 ||| Stepping ~*~*~tactically~*~*~ (water).
  5096 | D:7      | Reached skill level 9 in Axes
  5096 | D:7      | Reached XP level 9. HP: 52/55 MP: 9/9
  5124 | D:7      | Reached skill level 4 in Shields
  5235 | D:7      | 5235 ||| Stepping ~*~*~tactically~*~*~ (stealth).
  5241 | D:7      | Reached * piety under Okawaru
  5251 | D:7      | 5251 ||| FLEEEEING.
  5278 | D:7      | 5278 ||| Stepping ~*~*~tactically~*~*~ (hiding).
  5286 | D:7      | Reached skill level 1 in Invocations
  5288 | D:7      | 5288 ||| INVOKING Heroism.
  5299 | D:7      | 5299 ||| Stepping ~*~*~tactically~*~*~ (hiding).
  5322 | D:7      | 5322 ||| READING scroll of enchant weapon.
  5322 | D:7      | 5322 ||| ENCHANTING +2 war axe.
  5454 | D:7      | 5454 ||| Stepping ~*~*~tactically~*~*~ (stealth).
  5455 | D:7      | 5455 ||| Stepping ~*~*~tactically~*~*~ (stealth).
  5459 | D:7      | 5459 ||| Stepping ~*~*~tactically~*~*~ (hiding).
  5462 | D:7      | 5462 ||| INVOKING Heroism.
  5473 | D:7      | Reached skill level 3 in Invocations
  5923 | D:7      | 5923 ||| UPGRADING to +2 pair of boots.
  5928 | D:7      | 5928 ||| READING 2 scrolls labelled BIKEDGH DOEDI.
  5929 | D:7      | 5929 ||| READING scroll labelled XOBBEO HOMIOM.
  5930 | D:7      | 5930 ||| DROPPING scroll of poison.
  5958 | D:8      | 5958 ||| INVOKING Heroism.
  6037 | D:8      | Found a blossoming altar of Fedhas.
  6088 | D:8      | Reached ** piety under Okawaru
  6089 | D:8      | Reached XP level 10. HP: 51/63 MP: 13/13
  6092 | D:8      | Reached skill level 6 in Armour
  6149 | D:8      | 6149 ||| Stepping ~*~*~tactically~*~*~ (hiding).
  6159 | D:8      | Noticed Psyche
  6160 | D:8      | 6160 ||| INVOKING Heroism.
  6174 | D:8      | Killed Psyche
  6175 | D:8      | Reached skill level 5 in Shields
  6250 | D:8      | Found a runed translucent gate.
  6251 | D:8      | Found a runed translucent gate.
  6251 | D:8      | Noticed qw's ghost (novice MiHu)
  6252 | D:8      | Found a runed translucent gate.
  6272 | D:8      | Noticed a cyclops
  6316 | D:8      | Found a white marble altar of Elyvilon.
  6316 | D:8      | Found a bloodstained altar of Trog.
  6324 | D:8      | Found a faded altar of an unknown god.
  6326 | D:8      | Found an ancient bone altar of Kikubaaqudgha.
  6328 | D:8      | Found a broken altar of Ashenzari.
  6368 | D:8      | 6368 ||| Stepping ~*~*~tactically~*~*~ (hiding).
  6372 | D:8      | 6372 ||| DRINKING potion of curing.
  6372 | D:8      | 6372 ||| (to cure confusion)
  6471 | D:8      | 6471 ||| INVOKING Heroism.
  6527 | D:8      | Found a sparkling altar of Nemelex Xobeh.
  6699 | D:8      | 6699 ||| UPGRADING to +0 plate armour.
  6709 | D:8      | 6709 ||| DROPPING +0 chain mail.
  6710 | D:8      | 6710 ||| UPGRADING to +2 pair of gloves.
  6720 | D:8      | 6720 ||| DROPPING +0 pair of gloves.
  6721 | D:8      | 6721 ||| READING scroll labelled KAOVEE EGEDGH.
  6738 | D:9      | 6738 ||| INVOKING Heroism.
  6744 | D:9      | Found Narumm's Jewellery Boutique.
  6774 | D:9      | 6774 ||| SHOPLISTING +6 ring of strength (504 gold, have
                  | 411).
  6774 | D:9      | 6774 ||| BUYING ring of resist corrosion (280 gold).
  6774 | D:9      | Bought a ring of resist corrosion for 280 gold pieces
  6793 | D:9      | Noticed Gastronok
  6794 | D:9      | 6794 ||| INVOKING Heroism.
  6811 | D:9      | Killed Gastronok
  6849 | D:9      | 6849 ||| Stepping ~*~*~tactically~*~*~ (hiding).
  6851 | D:9      | 6851 ||| Stepping ~*~*~tactically~*~*~ (hiding).
  6852 | D:9      | 6852 ||| Stepping ~*~*~tactically~*~*~ (hiding).
  6925 | D:9      | 6925 ||| Stepping ~*~*~tactically~*~*~ (stealth).
  6927 | D:9      | 6927 ||| Stepping ~*~*~tactically~*~*~ (stealth).
  6929 | D:9      | 6929 ||| Stepping ~*~*~tactically~*~*~ (stealth).
  6930 | D:9      | 6930 ||| Stepping ~*~*~tactically~*~*~ (stealth).
  6957 | D:9      | 6957 ||| Stepping ~*~*~tactically~*~*~ (stealth).
  6982 | D:9      | Reached *** piety under Okawaru
  6985 | D:9      | 6985 ||| INVOKING Heroism.
  7068 | D:9      | 7068 ||| Stepping ~*~*~tactically~*~*~ (stealth).
  7069 | D:9      | 7069 ||| Stepping ~*~*~tactically~*~*~ (stealth).
  7079 | D:9      | 7079 ||| SWAPPING to +4 war axe.
  7080 | D:9      | 7080 ||| DROPPING +3 war axe.
  7123 | D:9      | 7123 ||| Stepping ~*~*~tactically~*~*~ (stealth).
  7154 | D:9      | Found a flagged portal.
  7155 | D:9      | 7155 ||| Stepping ~*~*~tactically~*~*~ (hiding).
  7156 | D:9      | 7156 ||| Stepping ~*~*~tactically~*~*~ (hiding).
  7161 | D:9      | 7161 ||| Stepping ~*~*~tactically~*~*~ (hiding).
  7255 | D:9      | 7255 ||| Stepping ~*~*~tactically~*~*~ (stealth).
  7262 | D:9      | 7262 ||| Stepping ~*~*~tactically~*~*~ (hiding).
  7267 | D:9      | 7267 ||| Stepping ~*~*~tactically~*~*~ (hiding).
  7511 | D:9      | You fall into a shaft and drop 2 floors!
  7523 | D:11     | 7523 ||| READING scroll labelled RATALUI ECOANTIDD.
  7524 | D:11     | 7524 ||| READING scroll labelled HUTTIE KUCKEA.
  7525 | D:11     | 7525 ||| READING scroll labelled RUBREPRU CIAH.
  7525 | D:11     | Identified a scroll of acquirement
  7525 | D:11     | 7525 ||| ACQUIRING +1 broad axe "Sizxyug" {pain, +Blink rC-
                  | Int+3}
  7525 | D:11     | Acquired the +1 broad axe "Sizxyug" {pain, +Blink rC-
                  | Int+3}
  7527 | D:11     | 7527 ||| SWAPPING to +1 broad axe "Sizxyug" {pain, +Blink
                  | rC- Int+3}.
  7536 | D:10     | Entered Level 10 of the Dungeon
  7703 | D:9      | Found a staircase to the Lair.
  7828 | D:9      | 7828 ||| PLANNING LAIR
  7828 | D:9      | 7828 ||| DROPPING ring of flight.
  7904 | Lair:1   | Entered Level 1 of the Lair of Beasts
  7904 | Lair:1   | Noticed a cane toad
  7905 | Lair:1   | 7905 ||| INVOKING Heroism.
  7908 | Lair:1   | Killed a cane toad
  7909 | Lair:1   | Reached XP level 11. HP: 68/68 MP: 11/14
  7958 | Lair:1   | Reached skill level 9 in Fighting
  8017 | Lair:1   | 8017 ||| INVOKING Heroism.
  8026 | Lair:1   | 8026 ||| Stepping ~*~*~tactically~*~*~ (water).
  8040 | Lair:1   | 8040 ||| INVOKING Heroism.
  8174 | Lair:1   | 8174 ||| INVOKING Heroism.
  8191 | Lair:1   | Reached skill level 12 in Axes
  8304 | Lair:1   | Reached **** piety under Okawaru
  8351 | Lair:1   | 8351 ||| Stepping ~*~*~tactically~*~*~ (stealth).
  8352 | Lair:1   | 8352 ||| Stepping ~*~*~tactically~*~*~ (stealth).
  8357 | Lair:1   | 8357 ||| Stepping ~*~*~tactically~*~*~ (stealth).
  8439 | Lair:1   | 8439 ||| INVOKING Heroism.
  8685 | Lair:1   | Noticed a boulder beetle
  8686 | Lair:1   | 8686 ||| INVOKING Heroism.
  8700 | Lair:1   | Killed a boulder beetle
  8701 | Lair:1   | Reached skill level 9 in Armour
  8769 | Lair:1   | 8769 ||| INVOKING Heroism.
  9188 | Lair:2   | Noticed a skyshark
  9199 | Lair:2   | 9199 ||| INVOKING Heroism.
  9204 | Lair:2   | Killed a skyshark
  9315 | Lair:2   | 9315 ||| INVOKING Heroism.
  9328 | Lair:2   | Reached skill level 6 in Shields
  9337 | Lair:2   | Reached skill level 6 in Invocations
  9341 | Lair:2   | Received a gift from Okawaru
  9347 | Lair:2   | Reached XP level 12. HP: 53/76 MP: 16/16
  9348 | Lair:2   | 9348 ||| INVOKING Heroism.
  9399 | Lair:2   | 9399 ||| INVOKING Heroism.
  9479 | Lair:2   | Found a staircase to the Shoals.
  9502 | Lair:2   | Reached ***** piety under Okawaru
  9935 | Lair:3   | 9935 ||| INVOKING Heroism.
  9951 | Lair:3   | 9951 ||| INVOKING Heroism.
  9992 | Lair:3   | 9992 ||| Stepping ~*~*~tactically~*~*~ (stealth).
  9994 | Lair:3   | 9994 ||| Stepping ~*~*~tactically~*~*~ (stealth).
  9997 | Lair:3   | Found a staircase to the Snake Pit.
 10200 | Lair:3   | 10200 ||| Stepping ~*~*~tactically~*~*~ (stealth).
 10202 | Lair:3   | 10202 ||| Stepping ~*~*~tactically~*~*~ (stealth).
 10311 | Lair:3   | 10311 ||| Stepping ~*~*~tactically~*~*~ (stealth).
 10341 | Lair:3   | Noticed a catoblepas
 10345 | Lair:3   | 10345 ||| Stepping ~*~*~tactically~*~*~ (hiding).
 10348 | Lair:3   | 10348 ||| INVOKING Heroism.
 10349 | Lair:3   | 10349 ||| INVOKING Finesse.
 10358 | Lair:3   | Killed a catoblepas
 10528 | Lair:3   | Noticed a four-headed hydra
 10529 | Lair:3   | 10529 ||| Stepping ~*~*~tactically~*~*~ (stealth).
 10582 | Lair:3   | 10582 ||| READING scroll of acquirement.
 10582 | Lair:3   | 10582 ||| ACQUIRING ring of willpower
 10582 | Lair:3   | Acquired a ring of willpower
 10736 | Lair:3   | 10736 ||| Stepping ~*~*~tactically~*~*~ (stealth).
 10745 | Lair:3   | 10745 ||| INVOKING Heroism.
 10746 | Lair:3   | 10746 ||| INVOKING Finesse.
 10747 | Lair:3   | 10747 ||| INVOKING Finesse.
 10750 | Lair:3   | 10750 ||| SWAPPING to +1 heavy flail.
 10754 | Lair:3   | Killed a four-headed hydra
 10755 | Lair:3   | 10755 ||| SWAPPING to +1 broad axe "Sizxyug" {pain, +Blink
                  | rC- Int+3}.
 10814 | Lair:3   | 10814 ||| INVOKING Heroism.
 10834 | Lair:3   | 10834 ||| FLEEEEING.
 10835 | Lair:3   | 10835 ||| FLEEEEING.
 10836 | Lair:3   | 10836 ||| FLEEEEING.
 10837 | Lair:3   | 10837 ||| FLEEEEING.
 10839 | Lair:3   | 10839 ||| FLEEEEING.
 10840 | Lair:3   | 10840 ||| FLEEEEING.
 10879 | Lair:3   | 10879 ||| INVOKING Heroism.
 10885 | Lair:3   | 10885 ||| DROPPING scarf of harm.
 10946 | Lair:3   | 10946 ||| DROPPING amulet of magic regeneration.
 11059 | Lair:4   | Reached skill level 9 in Invocations
 11063 | Lair:4   | 11063 ||| Stepping ~*~*~tactically~*~*~ (stealth).
 11079 | Lair:4   | 11079 ||| Stepping ~*~*~tactically~*~*~ (stealth).
 11128 | Lair:4   | Noticed a six-headed hydra
 11129 | Lair:4   | 11129 ||| INVOKING Heroism.
 11134 | Lair:4   | 11134 ||| SWAPPING to +1 heavy flail.
 11136 | Lair:4   | Killed a six-headed hydra
 11137 | Lair:4   | 11137 ||| SWAPPING to +1 broad axe "Sizxyug" {pain, +Blink
                  | rC- Int+3}.
 11195 | Lair:4   | Noticed Urug
 11196 | Lair:4   | 11196 ||| INVOKING Heroism.
 11211 | Lair:4   | Killed Urug
 11363 | Lair:4   | 11363 ||| INVOKING Heroism.
 11487 | Lair:4   | Noticed a six-headed hydra
 11488 | Lair:4   | 11488 ||| Stepping ~*~*~tactically~*~*~ (stealth).
 11489 | Lair:4   | 11489 ||| Stepping ~*~*~tactically~*~*~ (stealth).
 11490 | Lair:4   | 11490 ||| INVOKING Heroism.
 11496 | Lair:4   | 11496 ||| SWAPPING to +1 heavy flail.
 11503 | Lair:4   | Killed a six-headed hydra
 11504 | Lair:4   | 11504 ||| SWAPPING to +1 broad axe "Sizxyug" {pain, +Blink
                  | rC- Int+3}.
 11508 | Lair:4   | Received a gift from Okawaru
 11511 | Lair:4   | Reached skill level 3 in Throwing
 11617 | Lair:4   | Reached XP level 13. HP: 82/82 MP: 20/20
 11674 | Lair:4   | Found a runed translucent gate.
 11676 | Lair:4   | Found a runed translucent gate.
 11676 | Lair:4   | Found a runed translucent gate.
 11676 | Lair:4   | Noticed qw's ghost (journeyman GrFi)
 11676 | Lair:4   | Noticed an acid blob
 11676 | Lair:4   | Noticed an azure jelly
 11677 | Lair:4   | Noticed an azure jelly
 11677 | Lair:4   | Noticed an azure jelly
 11697 | Lair:4   | Noticed an acid blob
 11697 | Lair:4   | Noticed an azure jelly
 11718 | Lair:4   | 11718 ||| Stepping ~*~*~tactically~*~*~ (stealth).
 11719 | Lair:4   | 11719 ||| Stepping ~*~*~tactically~*~*~ (stealth).
 11720 | Lair:4   | 11720 ||| Stepping ~*~*~tactically~*~*~ (stealth).
 11727 | Lair:4   | 11727 ||| Stepping ~*~*~tactically~*~*~ (stealth).
 12147 | Lair:4   | Noticed an azure jelly
 12148 | Lair:4   | Found a viscous altar of Jiyva.
 12228 | Lair:4   | 12228 ||| DROPPING ring of wizardry.
 12229 | Lair:4   | 12229 ||| READING 7 scrolls of identify.
 12229 | Lair:4   | 12229 ||| IDENTIFYING murky amethyst potion
 12259 | Lair:5   | Entered Level 5 of the Lair of Beasts
 12265 | Lair:5   | 12265 ||| Stepping ~*~*~tactically~*~*~ (stealth).
 12268 | Lair:5   | 12268 ||| INVOKING Heroism.
 12296 | Lair:5   | Received a gift from Okawaru
 12333 | Lair:5   | 12333 ||| Stepping ~*~*~tactically~*~*~ (stealth).
 12335 | Lair:5   | 12335 ||| Stepping ~*~*~tactically~*~*~ (stealth).
 12336 | Lair:5   | 12336 ||| INVOKING Heroism.
 12380 | Lair:5   | 12380 ||| Stepping ~*~*~tactically~*~*~ (stealth).
 12382 | Lair:5   | 12382 ||| SWAPPING to +1 heavy flail.
 12387 | Lair:5   | 12387 ||| SWAPPING to +1 broad axe "Sizxyug" {pain, +Blink
                  | rC- Int+3}.
 12401 | Lair:5   | Received a gift from Okawaru
 12402 | Lair:5   | 12402 ||| INVOKING Finesse.
 12403 | Lair:5   | 12403 ||| INVOKING Finesse.
 12404 | Lair:5   | 12404 ||| INVOKING Heroism.
 12584 | Lair:5   | 12584 ||| FLEEEEING.
 12585 | Lair:5   | 12585 ||| FLEEEEING.
 12586 | Lair:5   | 12586 ||| FLEEEEING.
 12587 | Lair:5   | 12587 ||| FLEEEEING.
 12588 | Lair:5   | 12588 ||| FLEEEEING.
 12589 | Lair:5   | 12589 ||| FLEEEEING.
 12590 | Lair:5   | 12590 ||| FLEEEEING.
 12591 | Lair:5   | 12591 ||| FLEEEEING.
 12592 | Lair:5   | 12592 ||| FLEEEEING.
 12593 | Lair:5   | 12593 ||| FLEEEEING.
 12594 | Lair:5   | 12594 ||| FLEEEEING.
 12595 | Lair:5   | 12595 ||| FLEEEEING.
 12600 | Lair:5   | 12600 ||| INVOKING Heroism.
 12614 | Lair:5   | 12614 ||| INVOKING Finesse.
 12652 | Lair:5   | Received a gift from Okawaru
 12657 | Lair:5   | HP: 16/82 [death yak (6)]
 12658 | Lair:5   | 12658 ||| READING 5 scrolls of teleportation.
 12659 | Lair:5   | 12659 ||| DRINKING 4 potions of heal wounds.
 12708 | Lair:5   | 12708 ||| FLEEEEING.
 12709 | Lair:5   | 12709 ||| FLEEEEING.
 12710 | Lair:5   | 12710 ||| FLEEEEING.
 12711 | Lair:5   | 12711 ||| FLEEEEING.
 12712 | Lair:5   | 12712 ||| FLEEEEING.
 12713 | Lair:5   | 12713 ||| FLEEEEING.
 12714 | Lair:5   | 12714 ||| FLEEEEING.
 12715 | Lair:5   | 12715 ||| FLEEEEING.
 12716 | Lair:5   | 12716 ||| FLEEEEING.
 12717 | Lair:5   | 12717 ||| FLEEEEING.
 12718 | Lair:5   | 12718 ||| FLEEEEING.
 12719 | Lair:5   | 12719 ||| FLEEEEING.
 12720 | Lair:5   | 12720 ||| FLEEEEING.
 12721 | Lair:5   | 12721 ||| FLEEEEING.
 12722 | Lair:5   | 12722 ||| FLEEEEING.
 12723 | Lair:5   | 12723 ||| FLEEEEING.
 12724 | Lair:5   | 12724 ||| FLEEEEING.
 12725 | Lair:5   | 12725 ||| FLEEEEING.
 12726 | Lair:5   | 12726 ||| FLEEEEING.
 12727 | Lair:5   | 12727 ||| FLEEEEING.
 12728 | Lair:5   | 12728 ||| FLEEEEING.
 12729 | Lair:5   | 12729 ||| FLEEEEING.
 12730 | Lair:5   | 12730 ||| FLEEEEING.
 12731 | Lair:5   | 12731 ||| FLEEEEING.
 12732 | Lair:5   | 12732 ||| FLEEEEING.
 12733 | Lair:5   | 12733 ||| STAIRDANCE
 12901 | Lair:5   | 12901 ||| INVOKING Heroism.
 13215 | Lair:5   | Found a staircase to the Slime Pits.
 13216 | Lair:5   | Found a viscous altar of Jiyva.
 13321 | Lair:5   | Found a runed translucent door.
 13323 | Lair:5   | Noticed an ice dragon
 13343 | Lair:5   | 13343 ||| INVOKING Heroism.
 13377 | Lair:5   | 13377 ||| INVOKING Heroism.
 13387 | Lair:5   | Reached skill level 7 in Shields
 13527 | Lair:5   | 13527 ||| DROPPING +0 mace of holy wrath.
 13528 | Lair:5   | 13528 ||| DROPPING +1 heavy flail.
 13550 | Lair:5   | 13550 ||| INVOKING Heroism.
 13647 | Lair:5   | 13647 ||| READING scroll of enchant armour.
 13647 | Lair:5   | 13647 ||| ENCHANTING +0 helmet.
 13678 | Lair:5   | 13678 ||| INVOKING Heroism.
 13850 | Lair:5   | 13850 ||| Stepping ~*~*~tactically~*~*~ (hiding).
 13855 | Lair:5   | 13855 ||| INVOKING Heroism.
 13903 | Lair:5   | Reached skill level 6 in Throwing
 13918 | Lair:5   | 13918 ||| Stepping ~*~*~tactically~*~*~ (stealth).
 13920 | Lair:5   | 13920 ||| Stepping ~*~*~tactically~*~*~ (stealth).
 13921 | Lair:5   | 13921 ||| Stepping ~*~*~tactically~*~*~ (stealth).
 13922 | Lair:5   | 13922 ||| Stepping ~*~*~tactically~*~*~ (stealth).
 13934 | Lair:5   | 13934 ||| Stepping ~*~*~tactically~*~*~ (water).
 13961 | Lair:5   | 13961 ||| Stepping ~*~*~tactically~*~*~ (stealth).
 13963 | Lair:5   | 13963 ||| Stepping ~*~*~tactically~*~*~ (stealth).
 13964 | Lair:5   | 13964 ||| Stepping ~*~*~tactically~*~*~ (stealth).
 13966 | Lair:5   | 13966 ||| Stepping ~*~*~tactically~*~*~ (hiding).
 14013 | Lair:5   | Noticed a fire dragon
 14014 | Lair:5   | 14014 ||| INVOKING Heroism.
 14037 | Lair:5   | Gained mutation: Your large and strong wings let you fly.
                  | [Gargoyle growth]
 14037 | Lair:5   | Reached XP level 14. HP: 47/90 MP: 21/21
 14343 | Lair:5   | 14343 ||| PLANNING D:1-11
 14343 | Lair:5   | 14343 ||| UPGRADING to +0 tower shield.
 14353 | Lair:5   | 14353 ||| DROPPING +0 buckler.
 14354 | Lair:5   | 14354 ||| DROPPING ring of fire.
 14503 | D:10     | 14503 ||| Stepping ~*~*~tactically~*~*~ (hiding).
 14667 | D:10     | Found a stormy altar of Qazlal.
 14718 | D:10     | 14718 ||| Stepping ~*~*~tactically~*~*~ (stealth).
 14720 | D:10     | 14720 ||| Stepping ~*~*~tactically~*~*~ (hiding).
 14800 | D:10     | 14800 ||| Stepping ~*~*~tactically~*~*~ (stealth).
 14801 | D:10     | Found a staircase to the Orcish Mines.
 14802 | D:10     | 14802 ||| Stepping ~*~*~tactically~*~*~ (stealth).
 14803 | D:10     | 14803 ||| Stepping ~*~*~tactically~*~*~ (stealth).
 14887 | D:10     | Found Utuhew's Jewellery Shop.
 14892 | D:10     | 14892 ||| BUYING +4 ring of protection (468 gold).
 14892 | D:10     | Bought a +4 ring of protection for 468 gold pieces
 14892 | D:10     | 14892 ||| SHOPLISTING +5 ring of evasion (468 gold, have
                  | 208).
 14892 | D:10     | 14892 ||| SHOPLISTING +6 ring of strength (468 gold, have
                  | 208).
 14892 | D:10     | 14892 ||| SHOPLISTING amulet of reflection (390 gold, have
                  | 208).
 15014 | D:10     | 15014 ||| Stepping ~*~*~tactically~*~*~ (stealth).
 15288 | D:10     | 15288 ||| UPGRADING to amulet of the acrobat.
 15293 | D:10     | 15293 ||| DROPPING +6 ring of dexterity.
 15294 | D:10     | 15294 ||| DROPPING ring of willpower.
 15295 | D:10     | 15295 ||| DROPPING ring of positive energy.
 15296 | D:10     | 15296 ||| READING scroll labelled ADAINN REANG.
 15307 | D:11     | Reached skill level 8 in Shields
 15598 | D:11     | 15598 ||| READING scroll of enchant armour.
 15598 | D:11     | 15598 ||| ENCHANTING +1 helmet.
 15628 | D:11     | 15628 ||| INVOKING Heroism.
 15629 | D:11     | 15629 ||| INVOKING Finesse.
 15758 | D:11     | Noticed Harold
 15775 | D:11     | Killed Harold
 15776 | D:11     | Reached skill level 9 in Shields
 15966 | D:11     | Identified the +0 leather armour "Niveov" {Will+ Str+4}
 16367 | D:11     | 16367 ||| PLANNING D
 16367 | D:11     | 16367 ||| DROPPING +0 pair of gloves of stealth.
 16465 | D:12     | 16465 ||| INVOKING Heroism.
 16488 | D:12     | Reached skill level 10 in Shields
 16498 | D:12     | 16498 ||| INVOKING Heroism.
 16731 | D:12     | Received a gift from Okawaru
 16736 | D:12     | 16736 ||| Stepping ~*~*~tactically~*~*~ (stealth).
 16737 | D:12     | 16737 ||| Stepping ~*~*~tactically~*~*~ (stealth).
 16847 | D:12     | 16847 ||| INVOKING Heroism.
 16948 | D:12     | 16948 ||| Stepping ~*~*~tactically~*~*~ (hiding).
 16954 | D:12     | 16954 ||| Stepping ~*~*~tactically~*~*~ (hiding).
 16975 | D:12     | 16975 ||| Stepping ~*~*~tactically~*~*~ (stealth).
 16977 | D:12     | 16977 ||| Stepping ~*~*~tactically~*~*~ (hiding).
 17073 | D:12     | Reached skill level 11 in Shields
 17168 | D:12     | 17168 ||| FLEEEEING.
 17169 | D:12     | 17169 ||| FLEEEEING.
 17170 | D:12     | 17170 ||| FLEEEEING.
 17397 | D:12     | 17397 ||| READING scroll labelled LUPOZE EHYU.
 17398 | D:12     | 17398 ||| READING scroll labelled MOUCRI AMUITU.
 17399 | D:12     | 17399 ||| READING 8 scrolls of identify.
 17399 | D:12     | 17399 ||| IDENTIFYING blue potion
 17420 | D:13     | Found a transporter.
 17424 | D:13     | Noticed qw's ghost (journeyman MiHu)
 17424 | D:13     | Noticed a storm dragon
 17449 | D:13     | Found a transporter.
 17458 | D:13     | 17458 ||| Stepping ~*~*~tactically~*~*~ (hiding).
 17459 | D:13     | 17459 ||| Stepping ~*~*~tactically~*~*~ (hiding).
 17484 | D:13     | Identified the +3 ring mail "Tasan" {Will+ Str+4} (Okawaru
                  | gifted it to you on level 13 of the Dungeon)
 17484 | D:13     | Received a gift from Okawaru
 17625 | D:13     | Reached skill level 12 in Shields
 17719 | D:13     | 17719 ||| INVOKING Heroism.
 17720 | D:13     | 17720 ||| INVOKING Finesse.
 17722 | D:13     | 17722 ||| SWAPPING to +0 morningstar.
 17725 | D:13     | 17725 ||| SWAPPING to +1 broad axe "Sizxyug" {pain, +Blink
                  | rC- Int+3}.
 17736 | D:13     | 17736 ||| Stepping ~*~*~tactically~*~*~ (stealth).
 17764 | D:13     | 17764 ||| Stepping ~*~*~tactically~*~*~ (hiding).
 17856 | D:13     | 17856 ||| READING 6 scrolls of teleportation.
 17857 | D:13     | 17857 ||| INVOKING Heroism.
 18013 | D:13     | 18013 ||| Stepping ~*~*~tactically~*~*~ (stealth).
 18017 | D:13     | 18017 ||| Stepping ~*~*~tactically~*~*~ (stealth).
 18026 | D:13     | 18026 ||| INVOKING Heroism.
 18033 | D:13     | 18033 ||| READING 5 scrolls of teleportation.
 18228 | D:13     | 18228 ||| Stepping ~*~*~tactically~*~*~ (stealth).
 18332 | D:13     | 18332 ||| Stepping ~*~*~tactically~*~*~ (stealth).
 18447 | D:14     | 18447 ||| INVOKING Heroism.
 18449 | D:14     | Reached skill level 13 in Shields
 18552 | D:14     | 18552 ||| Stepping ~*~*~tactically~*~*~ (hiding).
 18572 | D:14     | 18572 ||| INVOKING Heroism.
 18583 | D:14     | Reached XP level 15. HP: 38/94 MP: 20/22
 18587 | D:14     | HP: 23/94 [freezing wraith (3)]
 18588 | D:14     | 18588 ||| READING 4 scrolls of teleportation.
 18589 | D:14     | 18589 ||| DRINKING 7 potions of heal wounds.
 18609 | D:14     | 18609 ||| Stepping ~*~*~tactically~*~*~ (stealth).
 18610 | D:14     | 18610 ||| Stepping ~*~*~tactically~*~*~ (stealth).
 18636 | D:14     | 18636 ||| FLEEEEING.
 18637 | D:14     | 18637 ||| FLEEEEING.
 18639 | D:14     | 18639 ||| Stepping ~*~*~tactically~*~*~ (hiding).
 18644 | D:14     | 18644 ||| INVOKING Heroism.
 18664 | D:14     | 18664 ||| Stepping ~*~*~tactically~*~*~ (stealth).
 18809 | D:14     | Found a gate to the Vaults.
 18888 | D:14     | Reached skill level 14 in Shields
 18920 | D:14     | 18920 ||| Stepping ~*~*~tactically~*~*~ (stealth).
 18921 | D:14     | 18921 ||| Stepping ~*~*~tactically~*~*~ (stealth).
 19023 | D:14     | 19023 ||| INVOKING Heroism.
 19029 | D:14     | Received a gift from Okawaru
 19378 | D:14     | Found a snail-covered altar of Cheibriados.
 19505 | D:14     | 19505 ||| Stepping ~*~*~tactically~*~*~ (hiding).
 19506 | D:14     | 19506 ||| Stepping ~*~*~tactically~*~*~ (hiding).
 19544 | D:15     | Entered Level 15 of the Dungeon
 19545 | D:15     | 19545 ||| INVOKING Heroism.
 19551 | D:15     | Reached skill level 15 in Shields
 19679 | D:15     | 19679 ||| INVOKING Heroism.
 19826 | D:15     | 19826 ||| SWAPPING to +0 broad axe.
 19827 | D:15     | 19827 ||| DROPPING +4 war axe.
 19850 | D:15     | Found an opulent altar of Gozag.
 19862 | D:15     | 19862 ||| Stepping ~*~*~tactically~*~*~ (hiding).
 19885 | D:15     | 19885 ||| Stepping ~*~*~tactically~*~*~ (hiding).
 19889 | D:15     | 19889 ||| INVOKING Heroism.
 19963 | D:15     | Found a runed translucent gate.
 19963 | D:15     | Found a runed translucent gate.
 19965 | D:15     | Found a runed translucent gate.
 19992 | D:15     | Found a bloodstained altar of Trog.
 20091 | D:15     | Found Baff's Fire Supplies.
 20106 | D:15     | 20106 ||| BUYING +2 scale mail of fire resistance (357
                  | gold).
 20106 | D:15     | Bought a +2 scale mail of fire resistance for 357 gold
                  | pieces
 20120 | D:15     | 20120 ||| Stepping ~*~*~tactically~*~*~ (stealth).
 20122 | D:15     | 20122 ||| Stepping ~*~*~tactically~*~*~ (stealth).
 20127 | D:15     | 20127 ||| INVOKING Heroism.
 20130 | D:15     | 20130 ||| READING 4 scrolls of teleportation.
 20251 | D:15     | 20251 ||| INVOKING Heroism.
 20339 | D:15     | 20339 ||| Stepping ~*~*~tactically~*~*~ (stealth).
 20343 | D:15     | 20343 ||| Stepping ~*~*~tactically~*~*~ (hiding).
 20355 | D:15     | 20355 ||| INVOKING Heroism.
 20361 | D:15     | Reached skill level 16 in Shields
 20447 | D:15     | 20447 ||| INVOKING Heroism.
 20448 | D:15     | 20448 ||| READING 3 scrolls of teleportation.
 20449 | D:15     | 20449 ||| Stepping ~*~*~tactically~*~*~ (stealth).
 20454 | D:15     | Noticed brae's ghost (adept HuBe)
 20480 | D:15     | 20480 ||| Stepping ~*~*~tactically~*~*~ (stealth).
 20542 | D:15     | Found a staircase to the Depths.
 20605 | D:15     | 20605 ||| PLANNING ORC
 20605 | D:15     | 20605 ||| READING 9 scrolls of identify.
 20605 | D:15     | 20605 ||| IDENTIFYING orange potion
 20606 | D:15     | 20606 ||| DROPPING potion of ambrosia.
 20722 | Orc:1    | Entered Level 1 of the Orcish Mines
 20724 | Orc:1    | 20724 ||| Stepping ~*~*~tactically~*~*~ (hiding).
 20725 | Orc:1    | 20725 ||| Stepping ~*~*~tactically~*~*~ (hiding).
 20727 | Orc:1    | 20727 ||| Stepping ~*~*~tactically~*~*~ (hiding).
 20730 | Orc:1    | 20730 ||| INVOKING Heroism.
 20762 | Orc:1    | 20762 ||| INVOKING Heroism.
 20836 | Orc:1    | 20836 ||| Stepping ~*~*~tactically~*~*~ (stealth).
 20837 | Orc:1    | 20837 ||| Stepping ~*~*~tactically~*~*~ (hiding).
 20838 | Orc:1    | 20838 ||| Stepping ~*~*~tactically~*~*~ (hiding).
 20839 | Orc:1    | 20839 ||| Stepping ~*~*~tactically~*~*~ (hiding).
 20840 | Orc:1    | 20840 ||| Stepping ~*~*~tactically~*~*~ (hiding).
 20940 | Orc:1    | Reached skill level 15 in Axes
 21060 | Orc:2    | Entered Level 2 of the Orcish Mines
 21061 | Orc:2    | 21061 ||| PLANNING GAUNTLET
 21063 | Orc:2    | 21063 ||| FLEEEEING.
 21064 | Orc:2    | 21064 ||| FLEEEEING.
 21065 | Orc:2    | 21065 ||| STAIRDANCE
 21190 | Orc:2    | 21190 ||| STAIRDANCE
 21312 | Orc:2    | 21312 ||| Stepping ~*~*~tactically~*~*~ (stealth).
 21313 | Orc:2    | 21313 ||| Stepping ~*~*~tactically~*~*~ (stealth).
 21314 | Orc:2    | 21314 ||| Stepping ~*~*~tactically~*~*~ (stealth).
 21315 | Orc:2    | 21315 ||| Stepping ~*~*~tactically~*~*~ (stealth).
 21316 | Orc:2    | 21316 ||| Stepping ~*~*~tactically~*~*~ (hiding).
 21321 | Orc:2    | 21321 ||| Stepping ~*~*~tactically~*~*~ (stealth).
 21331 | Orc:2    | 21331 ||| FLEEEEING.
 21332 | Orc:2    | 21332 ||| FLEEEEING.
 21334 | Orc:2    | 21334 ||| FLEEEEING.
 21350 | Orc:2    | 21350 ||| Stepping ~*~*~tactically~*~*~ (hiding).
 21352 | Orc:2    | 21352 ||| Stepping ~*~*~tactically~*~*~ (hiding).
 21371 | Orc:2    | 21371 ||| Stepping ~*~*~tactically~*~*~ (stealth).
 21389 | Orc:2    | 21389 ||| Stepping ~*~*~tactically~*~*~ (stealth).
 21390 | Orc:2    | 21390 ||| Stepping ~*~*~tactically~*~*~ (stealth).
 21391 | Orc:2    | 21391 ||| Stepping ~*~*~tactically~*~*~ (stealth).
 21401 | Orc:2    | 21401 ||| Stepping ~*~*~tactically~*~*~ (stealth).
 21416 | Orc:2    | Found Wodorekk's Mass Market.
 21474 | Orc:2    | Found a gate leading to a gauntlet.
 21483 | Gauntlet | Entered a Gauntlet
 21483 | Gauntlet | Found a transporter.
 21483 | Gauntlet | Found a transporter.
 21498 | Gauntlet | Found a transporter.
 21498 | Gauntlet | Found a transporter.
 21506 | Gauntlet | Found a transporter.
 21511 | Gauntlet | Found a transporter.
 21517 | Gauntlet | Found a transporter.
 21537 | Gauntlet | Found a transporter.
 21555 | Gauntlet | Found a transporter.
 21559 | Gauntlet | Found a transporter.
 21569 | Gauntlet | Found a transporter.
 21571 | Gauntlet | Found a transporter.
 21697 | Gauntlet | Identified the ring "Seghiel" {rPois rF+ Str+2 Dex+2}
 21704 | Gauntlet | 21704 ||| DROPPING ring of protection from fire.
 21705 | Gauntlet | 21705 ||| READING 8 scrolls of identify.
 21705 | Gauntlet | 21705 ||| IDENTIFYING murky sapphire potion
 21716 | Gauntlet | 21716 ||| INVOKING Heroism.
 21717 | Gauntlet | HP: 19/94 [reaper/+3 scythe of venom (5)]
 21718 | Gauntlet | 21718 ||| DRINKING 7 potions of heal wounds.
 21724 | Gauntlet | Slain by a reaper

Levels and vault maps discovered:
D:1:      minmay_arrival_widening_spiral_wide, layout_basic
D:2:      layout_basic, basic_altar, serial_shops,
          nicolae_shop_competitors_out_of_business, uniq_natasha
D:3:      layout_loops_cross, minmay_misc_feat_hallway,
          minmay_goblin_kobold_house, uniq_terence, uniq_crazy_yiuf_cottage,
          uniq_robin
D:4:      gammafunk_wand_slinger, layout_cave_pools, temple_green, serial_shops,
          shop, kennysheep_cross_room, sigmund_army
D:5:      layout_cave_pools, gammafunk_ghost_cemetery, uniq_edmund
D:6:      layout_basic, mainiacjoe_overflow_24_doors,
          nicolae_overflow_crystal_walls, mainiacjoe_overflow_boulevard,
          portal_sewer_entry_e, gammafunk_ghost_grave, uniq_blork_the_orc
D:7:      layout_loops_ring, minmay_starry_boxes
D:8:      layout_rooms, chequers_temple_overflow_minitemple,
          nemelex_altar_shiori, old_standard_altar, gammafunk_ghost_split,
          serial_ice, serial_ice_d, serial_ice_h, serial_ice_k, serial_ice_e,
          serial_ice_a, serial_ice_n, serial_ice_m, uniq_psyche
D:9:      layout_loops_ring, lair_entry_dummy, serial_shops, shop,
          enter_bailey_5, nicolae_figureground_pulse, uniq_gastronok
D:10:     layout_irregular_city, lemuel_coloured_pillars_altar, david_orc_2,
          serial_rivers, chequers_serial_rivers_small_b,
          chequers_serial_rivers_micro_e, chequers_serial_rivers_marsh,
          chequers_serial_rivers_small_a, amcnicky_mini_corridor_feature,
          minmay_shop_enchanted_jewellery
D:11:     layout_gridville, hangedman_abyss_or_decor_stabs, uniq_harold
D:12:     layout_gridville
D:13:     layout_roguey, gammafunk_ghost_arena, hangedman_tell_no_tales
D:14:     layout_gridville, david_vaults_5, serial_bayou_lagoon_a, slow_altar_2
D:15:     gammafunk_enter_depths_forms, layout_rooms, grunt_gozag_statues,
          gammafunk_ghost_spectres, minmay_misc_feat_more_columns,
          nicolae_shop_fire_sale [nicolae_sub_dead_trees], trog_butcher_becter
Temple:   chequers_temple_sunken
Lair:1:   layout_cave_pods, serial_bayou_shore_a, infiniplex_staircase_pool
Lair:2:   layout_hall_layers, minmay_shoals_entry_centaurs,
          minmay_stone_trees_small
Lair:3:   layout_loops_ring, guppyfry_snake_entry_garden, st_stairs_4,
          chequers_serial_rivers_micro_d, minmay_lindwurm_lava
Lair:4:   layout_regular_city, gammafunk_ghost_ooze, uniq_urug
Lair:5:   guppyfry_lair_end_dragon, layout_gridlike, wormcave,
          minmay_slime_entry_pillars
Orc:1:    layout_caves, mines1_david, uniq_erica
Orc:2:    grunt_orc_community_town_hall, layout_caves,
          grunt_orc_community_big_house_1, grunt_orc_community_big_house_2,
          grunt_orc_community_house_3, grunt_orc_community_house_2,
          grunt_orc_community_house_2, grunt_orc_community_house_1,
          gauntlet_entry_generic, minmay_shop_mass
Gauntlet: minmay_gauntlet_mixed_big_or_small [gammafunk_gauntlet_arena_split_x,
          minmay_gauntlet_arena_77_double_cross, gammafunk_gauntlet_arena_open,
          minmay_gauntlet_arena_77_checkered,
          nicolae_gauntlet_arena_flowing_pool,
          minmay_gauntlet_arena_77_radiant_squares, gauntlet_exit_green]

Skill      XL: |  1  2  3  4  5  6  7  8  9 10 11 12 13 14 15 |
---------------+----------------------------------------------+-----
Axes           | 2 3 4 5 6 7 9 10 12 14 15 | 15.0
Dodging        | 1 2 |  2.1
Fighting       | 4 5 6 7 8 9 10 11 | 11.0
Armour         | 4 5 8 9 10 | 10.5
Shields        | 4 5 6 7 13 16 | 16.0
Invocations    | 4 6 10 | 10.0
Throwing       | 2 3 6 |  6.0

Action                     |  1- 3 |  4- 6 |  7- 9 | 10-12 | 13-15 || total
---------------------------+-------+-------+-------+-------+-------++-------
  Melee: War axe           |    76 |   176 |   290 |   147 |       ||   689
         Broad axe         |       |       |       |   370 |  1316 ||  1686
         Flail             |       |       |       |    13 |     4 ||    17
         Morningstar       |       |       |       |       |     2 ||     2
  Throw: Boomerang         |       |       |       |   102 |    19 ||   121
         Javelin           |       |       |       |     3 |   158 ||   161
 Invoke: Heroism           |       |       |     3 |    26 |    32 ||    61
         Finesse           |       |       |       |     2 |     4 ||     6
    Use: Scroll            |     1 |     7 |    10 |     5 |    15 ||    38
         Potion            |       |     1 |     1 |     1 |     3 ||     6
   Stab: Petrified         |       |       |       |       |     5 ||     5
 Armour: Scale mail        |    32 |    62 |       |       |       ||    94
         Chain mail        |       |     7 |   111 |    30 |       ||   148
         Plate armour      |       |       |       |   272 |   575 ||   847
  Dodge: Dodged            |    42 |   109 |   185 |   353 |   487 ||  1176
  Block: Buckler           |    11 |    38 |    63 |   116 |    85 ||   313
         Tower shield      |       |       |       |       |   809 ||   809

Table legend:
 A = Non-vault XP
 B = Vault XP
 C = Vault XP percentage of total XP
 D = Non-vault monster count
 E = Vault monster count
 F = Vault count percentage of total count
                 A         B        C        D         E       F
            +---------+---------+-------+---------+---------+-------
      Total |   89982 |   27380 |  23.3 |     492 |     150 |  23.4
            +---------+---------+-------+---------+---------+-------
        D:1 |      29 |       0 |   0.0 |      18 |       0 |   0.0
        D:2 |     135 |      37 |  21.5 |      25 |       1 |   3.8
        D:3 |      32 |      73 |  69.5 |      14 |      16 |  53.3
        D:4 |     324 |     234 |  41.9 |      13 |       2 |  13.3
        D:5 |     504 |     158 |  23.9 |      12 |       1 |   7.7
        D:6 |     387 |     115 |  22.9 |      13 |       9 |  40.9
        D:7 |    1395 |     407 |  22.6 |      22 |       4 |  15.4
        D:8 |    1091 |    1608 |  59.6 |      29 |      15 |  34.1
        D:9 |     904 |    1443 |  61.5 |      17 |       5 |  22.7
       D:10 |    2384 |      18 |   0.7 |      19 |       6 |  24.0
       D:11 |    2608 |     897 |  25.6 |      15 |       1 |   6.2
       D:12 |   10514 |       0 |   0.0 |      39 |       0 |   0.0
       D:13 |    8739 |     750 |   7.9 |      28 |       7 |  20.0
       D:14 |   10726 |    4109 |  27.7 |      23 |       8 |  25.8
       D:15 |   10213 |    4249 |  29.4 |      23 |      12 |  34.3
     Lair:1 |    7146 |       0 |   0.0 |      33 |       0 |   0.0
     Lair:2 |    4690 |     332 |   6.6 |      17 |       3 |  15.0
     Lair:3 |    3331 |    1514 |  31.2 |      13 |       6 |  31.6
     Lair:4 |    6611 |     798 |  10.8 |      28 |       1 |   3.4
     Lair:5 |   13357 |    9066 |  40.4 |      43 |      33 |  43.4
      Orc:1 |    4044 |     136 |   3.3 |      32 |       1 |   3.0
      Orc:2 |     818 |     336 |  29.1 |      16 |      14 |  46.7
   Gauntlet |       0 |    1100 | 100.0 |       0 |       5 | 100.0
            +---------+---------+-------+---------+---------+-------
